 Dungeon Crawl Stone Soup version 0.27.1-33-g824d729ab1 (webtiles) character file.

Game seed: 10259013384598738629

5 jlumianski the Skirmisher (level 1, -2/14 HPs)
             Began as a Gargoyle Monk on Dec 13, 2021.
             Slain by a gnoll (5 damage)
             ... on level 1 of the Dungeon.
             The game lasted 00:00:26 (62 turns).

jlumianski the Skirmisher (Gargoyle Monk)             Turns: 62, Time: 00:00:27

Health: -2/14      AC:  4    Str: 14    XL:     1   Next: 80%
Magic:  1/1        EV: 12    Int: 10    God:
Gold:   17         SH:  0    Dex: 12    Spells: 0/0 levels left

rFire    . . .     SeeInvis .   a - +0 hand axe
rCold    . . .     Faith    .   (no shield)
rNeg     + . .     Spirit   .   b - +0 robe
rPois    ∞         Reflect  .   (no helmet)
rElec    +         Harm     .   (no cloak)
rCorr    .         Rampage  .   (no gloves)
Will     .....                  (no boots)
Stlth    ++........             (no amulet)
HPRegen  0.04/turn              (no ring)
MPRegen  0.07/turn              (no ring)

@: no status effects
A: sickness immunity, AC +2, negative energy resistance 1, electricity
resistance, torment resistance 1, petrification resistance
a: no special abilities


You were on level 1 of the Dungeon.
You visited 1 branch of the dungeon, and saw 1 of its levels.

You collected 17 gold pieces.

Inventory:

Hand Weapons
 a - a +0 hand axe (weapon)
Armour
 b - a +0 robe (worn)
Scrolls
 c - a scroll of amnesia {unknown}


   Skills:
 + Level 3.4 Fighting
 + Level 2.8 Axes
 + Level 2.5 Dodging
 + Level 2.1 Stealth


You couldn't memorise any spells.
You didn't know any spells.
Your spell library was empty.

Dungeon Overview and Level Annotations

Branches:
Dungeon (1/15)

Altars:


Innate Abilities, Weirdness & Mutations

You are immune to sickness and miasma.
Your stone body is resilient. (AC +2)
You are immune to poison.
You resist negative energy. (rN+)
You are resistant to electric shocks. (rElec)
You are resistant to unholy torment.
You are immune to petrification.


Message History

You closely miss the bat. The bat barely misses you.
The bat closely misses you. The bat completely misses you.
You hit the bat.
You kill the bat!
Found a scroll labelled ZEASTR AFOU.
c - a scroll labelled ZEASTR AFOU A rat comes into view.
A ball python and a rat come into view.
Found 19 stones.
A goblin, a hobgoblin and a kobold come into view.
The hobgoblin shouts!
The kobold shouts!
The goblin shouts!
You hear a shout!
An endoplasm comes into view.
You hear a shout!
A hobgoblin comes into view.
The hobgoblin shouts!
The ball python hisses angrily.
A bat comes into view.
The bat moves out of view.
A goblin comes into view. It is wielding a +0 dagger.
The hobgoblin hits you but does no damage.
A goblin comes into view. It is wielding a +0 dagger.
The endoplasm quivers.
The goblin shouts!
The goblin closely misses you.
You hit the goblin.
The goblin is moderately wounded.
You closely miss the hobgoblin. The hobgoblin hits you.
The goblin hits you but does no damage. The hobgoblin closely misses you.
You hit the goblin.
You kill the goblin!
You hit the hobgoblin. The hobgoblin hits you.
A gnoll comes into view. It is wielding a +0 club.
Things that are here:
a +0 dagger; a goblin corpse
Found 9 gold pieces.
The gnoll shouts!
The gnoll hits you with a +0 club.
* * * LOW HITPOINT WARNING * * *
A bat comes into view.
The gnoll hits you with a +0 club.
You die...

#.#########.#####.#
#.#...# #.# #r# #.#...#
#.# #.# #.#...#####.#
#K# #...........# #g#
#.....####..#####.#
#.#..)#####.##..S.#
................gg#
≈≈P....≈≈≈≈≈≈≈≈P@.#
≈≈≈...≈≈≈≈≈≈≈≈≈≈.......#
≈≈≈...≈≈≈≈≈≈≈≈≈≈..b...##
≈≈.....≈≈≈≈≈≈≈≈P......#
....<..............####
≈≈.....≈≈≈≈≈≈≈≈P$..#
≈≈≈...≈≈≈≈≈≈≈≈≈≈...#
≈≈≈...≈≈≈≈≈≈≈≈≈≈...#
≈≈P...P≈≈≈≈≈≈≈


You could see a gnoll, a hobgoblin, a goblin, a bat, a ball python, a kobold and
a rat.

Vanquished Creatures
  2 endoplasms (D:1)
  A bat (D:1)
  2 goblins (D:1)
5 creatures vanquished.

Vanquished Creatures (others)
  A plant (D:1)
1 creature vanquished.

Grand Total: 6 creatures vanquished

Notes
Turn   | Place    | Note
-------+----------+-------------------------------------------
     0 | D:1      | jlumianski the Gargoyle Monk began the quest for the Orb.
     0 | D:1      | Reached XP level 1. HP: 14/14 MP: 1/1
    62 | D:1      | Slain by a gnoll

Illustrated notes

Levels and vault maps discovered:
D:1:      giann_bridges, layout_basic, minivault_11, minmay_octomino_c4

Action                   || total
-------------------------++-------
Melee: Hand axe          ||    10
Armor: Robe              ||     4
Dodge: Dodged            ||    10
